 Dungeon Crawl Stone Soup version 0.29.1-13-g9f3cf754e1 (webtiles) character file.

Game seed: 11212240951557180919

2173 croobank the Trooper (level 9, 0/75 HPs)
             Began as a Hill Orc Fighter on Jan 23, 2023.
             Was a Follower of Beogh.
             Slain by an orc warrior
             ... wielding a +0 glaive
              (7 damage)
             ... in a bailey.
             The game lasted 00:20:50 (8052 turns).

croobank the Trooper (Hill Orc Fighter)             Turns: 8052, Time: 00:20:50

Health: 0/75       AC: 14    Str: 19    XL:     9   Next: 32%
Magic:  13/15      EV:  9    Int: 12    God:    Beogh [*.....]
Gold:   98         SH:  8    Dex: 10    Spells: 13/16 levels left

rFire   . . .      SeeInvis .   a - +2 war axe
rCold   . . .      Faith    .   c - +3 buckler
rNeg    . . .      Spirit   .   b - +0 scale mail
rPois   .          Reflect  .   l - +0 helmet
rElec   .          Harm     .   (no cloak)
rCorr   .          Rampage  .   e - +1 pair of gloves
Will    +....                   u - +2 pair of boots
Stlth   ..........              (no amulet)
HPRegen 0.22/turn               r - ring of willpower
MPRegen 0.14/turn               (no ring)

@: wereblooded
A: no striking features
a: Renounce Religion


You were in a bailey.
You worshipped Beogh.
Beogh was aware of your devotion.
You visited 1 branch of the dungeon, and saw 7 of its levels.
You also visited: Bailey.

You collected 247 gold pieces.
You spent 149 gold pieces at shops.

Inventory:

Hand Weapons
 a - a +2 war axe (weapon)
 h - a +2 dagger of holy wrath
 m - a +3 dagger
 x - a +1 hand axe of electrocution
Armour
 b - a +0 scale mail (worn)
 c - a +3 buckler (worn)
 e - a +1 pair of gloves (worn)
 l - a +0 helmet (worn)
 u - a +2 pair of boots (worn)
Jewellery
 r - a ring of willpower (left hand)
Wands
 k - a wand of roots (12)
 n - a wand of flame (17)
Scrolls
 q - 6 scrolls of teleportation
Potions
 f - 5 potions of curing
 o - a potion of cancellation
 s - 3 potions of flight
 v - a potion of resistance


   Skills:
 + Level 6.1 Fighting
 + Level 6.0 Axes
 + Level 5.6 Armour
 + Level 5.6 Shields
 * Level 4.3 Spellcasting
 * Level 4.0 Transmutations
 + Level 3.8 Invocations


You had 13 spell levels left.
You knew the following spells:

 Your Spells              Type           Power      Damage    Failure   Level
a - Beastly Appendage     Tmut           24%        N/A       14%         1
b - Wereblood             Tmut           12%        N/A       22%         2

Your spell library contained the following spells:

 Spells                   Type           Power      Damage    Failure   Level
 Foxfire                  Conj/Fire      8%         2x1d4     61%         1
 Magic Dart               Conj           8%         1d3       61%         1
 Slow                     Hex            8%         N/A       61%         1
 Spider Form              Tmut/Pois      7%         N/A       69%         3
 Searing Ray              Conj           4%         2d4       75%         2
 Confusing Touch          Hex            2%         N/A       93%         3
 Conjure Flame            Conj/Fire      2%         6-21      93%         3
 Inner Flame              Hex/Fire       2%         N/A       93%         3
 Vampiric Draining        Necr           2%         2d6       93%         3
 Flame Wave               Conj/Fire      2%         2d4       100%        4
 Fulminant Prism          Conj/Hex       1%         3d6       100%        4


Dungeon Overview and Level Annotations

Branches:
Dungeon (7/15)             Bailey (1/1)
 Temple: D:4-7

Altars:
Dithmenos
Hepliaklqana
Makhleb
Ru
Vehumet
Xom
Zin
The Shining One

Shops:
D:4 ?=?

Annotations:
D:4 2 transporters, Thatpatchoflichen's ghost, amateur FoMo
D:6 Pikel


Message History

The orc warrior hits you from afar with a +0 glaive!!
You block the orc warrior's attack. You block the orc warrior's attack.
The orc warrior hits you but does no damage.
The orc warrior hits you with a +0 glaive.
The orc warrior completely misses you. You block the orc warrior's attack.
The orc warrior closely misses you.
You slash the orc warrior!
The orc warrior is moderately wounded.
You hit the orc warrior.
The orc warrior hits you with a +0 glaive!
You block the orc warrior's attack.
Your magical contamination has completely faded away.
You miss the orc warrior.
The orc warrior is moderately wounded.
You barely miss the orc warrior.
The orc warrior hits you but does no damage.
The orc warrior hits you with a +0 glaive! x3
* * * LOW HITPOINT WARNING * * *
Cleave: a) +2 war axe
Press: ? - help, Dir - move target, f/p - orc warrior
Aim: an orc warrior, wielding a +0 glaive and wearing a +0 scale mail (black smoke, moderately wounded, about 44% to evade your +2 war axe)
Okay, then.
Unknown command.
Casting: Wereblood (safe; 22% risk of failure)
Confirm with . or Enter, or press ? or * to list all spells.
Okay, then.
Cleave: a) +2 war axe
Press: ? - help, Dir - move target, f/p - orc warrior
Aim: an orc warrior, wielding a +0 glaive and wearing a +0 scale mail (black smoke, moderately wounded, about 44% to evade your +2 war axe)
You hit the orc warrior.
The orc warrior is moderately wounded.
You slash the orc warrior!
The orc warrior hits you with a +0 glaive!
* * * LOW HITPOINT WARNING * * *
The orc warrior hits you but does no damage.
The orc warrior attacks as you move away!
The orc warrior hits you with a +0 glaive!
You die...
Beogh appreciates the orc warrior's killing of a heretic priest.

##########..~~..###..~)..#######
#..........~~..## ##..~~).......
#.~~~~~~~~)~..##.∩.##..~~)~~~~~~
#.~......)..)##.....##.....)....
#.~.#########'###+#############.
#.~.## ##.§§§...§.# ##. #.~..##
##..§≈§≈≈§§§. ##.. #.~~..##
##.§≈§o§...≈§. ##..~
#∩.)~..#'#...§o@⌠∩⌠.... #..~~
##.)~..#'#.§≈≈§..⌠...≈≈ #+#..~~
#.~~..##.##.§§§.....≈≈. ##.##..~
#.~..##...+#..≈§≈.≈≈≈.. #.$.##..
#.~.##.....##.........##.$$$.##)
#.~.#############+#############.
#.~.....)....## ##..........
#.~~~~~~~~)~..## ##..~~~~~~~~~
#..........~)..## ##..~~........


You could see 2 orc warriors.

Vanquished Creatures
  A centaur zombie (D:7)
  A water moccasin (D:7)
  2 orc warriors (Bailey)
  A sky beast (D:7)
  An ice beast (D:5)
  A black bear (D:5)
  An ogre (D:5)
  3 lemures (D:6)
  A necrophage (D:4)
  A scorpion (D:4)
  A jelly (D:5)
  3 hounds
  Ijyb (D:3)
  Terence (D:3)
  3 iguanas
  3 orc wizards
  Robin (D:3)
  4 adders
  8 gnolls (D:5)
  An ufetubus (D:6)
  A worm (D:2)
  4 dart slugs
  15 orcs
  3 ball pythons
  12 endoplasms
  5 giant cockroaches
  18 goblins
  13 hobgoblins
  2 jackals (D:2)
  3 quokkas
  4 bats
  2 frilled lizards (D:2)
  5 kobolds
  7 rats
133 creatures vanquished.

Vanquished Creatures (collateral kills)
  A wolf spider zombie (D:7)
  A shadow imp (D:7)
2 creatures vanquished.

Vanquished Creatures (others)
  An orc priest (D:5)
  2 orcs (D:5)
  10 withered plants (D:7)
13 creatures vanquished.

Grand Total: 148 creatures vanquished

Notes
Turn   | Place    | Note
-------+----------+-------------------------------------------
     0 | D:1      | croobank the Hill Orc Fighter began the quest for the Orb.
     0 | D:1      | Reached XP level 1. HP: 19/19 MP: 1/1
   283 | D:1      | Reached XP level 2. HP: 27/27 MP: 2/2
   686 | D:1      | Learned a level 1 spell: Beastly Appendage
  1165 | D:2      | Found a faded altar of an unknown god.
  1177 | D:2      | Reached XP level 3. HP: 27/33 MP: 4/4
  1300 | D:2      | Learned a level 2 spell: Wereblood
  1596 | D:2      | Reached skill level 1 in Spellcasting
  1852 | D:2      | Reached XP level 4. HP: 35/40 MP: 5/5
  2188 | D:3      | Noticed Robin
  2209 | D:3      | HP: 1/60 [goblin/+2 dagger of holy wrath[Robin] (8)]
  2224 | D:3      | Killed Robin
  2584 | D:3      | Noticed Ijyb
  2588 | D:3      | Paralysed by Ijyb for 3 turns
  2597 | D:3      | Killed Ijyb
  2598 | D:3      | Reached XP level 5. HP: 46/46 MP: 7/7
  2637 | D:3      | Found a shadowy altar of Dithmenos.
  2657 | D:3      | Found a burning altar of Makhleb.
  2762 | D:3      | Noticed Terence
  2777 | D:3      | Killed Terence
  2778 | D:3      | Reached skill level 1 in Transmutations
  3210 | D:4      | Found Dity's Jewellery Boutique.
  3232 | D:4      | Found Jozxyoc's Magic Scroll Shop.
  3241 | D:4      | Bought a scroll of identify for 26 gold pieces
  3241 | D:4      | Bought a scroll of summoning for 123 gold pieces
  3433 | D:4      | Found Biuriex's Magic Scroll Boutique.
  3528 | D:4      | Found a transporter.
  3542 | D:4      | Noticed Thatpatchoflichen's ghost (amateur FoMo)
  3571 | D:4      | Reached XP level 6. HP: 39/53 MP: 7/9
  3652 | D:4      | Found a sacrificial altar of Ru.
  3735 | D:4      | Found a transporter.
  3995 | D:4      | Found a shimmering altar of Xom.
  4317 | D:5      | Entered Level 5 of the Dungeon
  4445 | D:5      | Found a glowing golden altar of the Shining One.
  4464 | D:5      | Found a hazy altar of Hepliaklqana.
  4753 | D:5      | Reached XP level 7. HP: 23/60 MP: 10/10
  5049 | D:5      | Became a worshipper of Beogh the Brigand
  5143 | D:5      | Found a radiant altar of Vehumet.
  5466 | D:5      | Found a glowing silver altar of Zin.
  5665 | D:5      | Reached skill level 5 in Fighting
  5665 | D:5      | Reached skill level 1 in Invocations
  6162 | D:6      | Reached XP level 8. HP: 68/68 MP: 12/12
  6703 | D:6      | Noticed Pikel
  6800 | D:7      | Reached skill level 5 in Axes
  6927 | D:7      | Reached skill level 5 in Armour
  6927 | D:7      | Reached skill level 5 in Shields
  7458 | D:7      | Reached XP level 9. HP: 55/75 MP: 13/15
  7471 | D:7      | Found a flagged portal.
  7527 | Bailey   | Entered a bailey
  7720 | Bailey   | Noticed an orc knight
  7730 | Bailey   | Reached * piety under Beogh
  8052 | Bailey   | Slain by an orc warrior

Illustrated notes

Levels and vault maps discovered:
D:1:      giann_horns, layout_loops_corners, minmay_misc_feat_rows,
          minmay_tetromino_i2
D:2:      layout_basic, ebering_ecumenical_altar_webs, minmay_liquid_box,
          minmay_circle_x
D:3:      layout_rooms, grunt_temple_overflow_open, uniq_ijyb, uniq_terence,
          uniq_robin
D:4:      layout_loops_ring, mainiacjoe_overflow_alcove_1,
          mainiacjoe_overflow_six_doors_small, gammafunk_ghost_stat_death,
          serial_shops, nicolae_shop_hallway_plus, shop_statue,
          nicolae_inconvenience_store
D:5:      layout_basic, old_standard_altar, mainiacjoe_overflow_cross_hatched,
          lemuel_doored_altar, kennysheep_little_box,
          minmay_misc_feat_more_columns
D:6:      layout_basic, uniq_pikel
D:7:      cheibrodos_grave_circle, layout_loops_ring, minmay_temple_entry_wispy,
          enter_bailey_5, serial_park_tiny_1
Bailey:   bailey_polearm_1, bailey

Skill      XL: |  1  2  3  4  5  6  7  8  9 |
---------------+----------------------------+-----
Axes           | 3 4 5 6 |  6.0
Spellcasting   | 1 2 3 4 |  4.3
Fighting       | 4 5 6 |  6.1
Transmutations | 1 2 3 4 |  4.0
Armour         | 4 5 |  5.6
Shields        | 4 5 |  5.6
Invocations    | 1 3 |  3.8

Action                   |  1- 3 |  4- 6 |  7- 9 || total
-------------------------+-------+-------+-------++-------
Melee: War axe           |    91 |   213 |   222 ||   526
       Kick              |       |       |    13 ||    13
       Headbutt          |       |       |     3 ||     3
Throw: Throwing net      |       |     2 |     1 ||     3
 Cast: Beastly Appendage |       |       |     8 ||     8
       Wereblood         |       |       |     8 ||     8
Invok: Convert to Beogh  |       |       |     1 ||     1
Evoke: Wand              |       |       |     4 ||     4
  Use: Potion            |       |     4 |     5 ||     9
       Scroll            |       |    15 |     8 ||    23
 Stab: Paralysed         |       |       |     7 ||     7
Armor: Scale mail        |    52 |   111 |   152 ||   315
       Skin              |       |    33 |       ||    33
Dodge: Dodged            |    64 |    96 |    93 ||   253
Block: Buckler           |    25 |    55 |   121 ||   201
